kirg, chaotic male human Ranger --- -. . . . ---.- --...|--- . ..|<.| -.-.|..| ---.h...[-- |....@..%.--- -....^[.....| ---.....`..- --..---...| |.-- |..-- --- ---- kirg the Lookout Experience level: 4 Strength: 15 Dexterity: 10 Constitution: 15 Intelligence: 13 Wisdom: 14 Charisma: 8 Health: 0(37) Energy: 15(15) Def: 3 Gold: 200 Moves: 712 Dungeon seed: EM1HmXa-GZ6xBbjB Game ID: kirg_1588607531 Your Inventory: Coins $ - 200 gold pieces Amulets q - a cursed amulet of strangulation Weapons a - an uncursed +1 dagger (alternate weapon; not wielded) b - an uncursed +1 bow c - 58 uncursed +2 arrows (in quiver) d - 30 uncursed poisoned +0 arrows g - 7 uncursed +0 shuriken t - 10 uncursed +0 arrows of detonation w - an uncursed +0 thirsty dagger (weapon in hand) Armor e - an uncursed +2 cloak of displacement (being worn) n - an uncursed +0 leather armor Comestibles f - 4 uncursed cram rations l - an uncursed melon m - an uncursed banana Scrolls h - a cursed scroll of destroy armor j - an uncursed scroll of teleportation k - an uncursed scroll of punishment Spellbooks u - an uncursed spellbook of dig Potions i - an uncursed potion of water v - an uncursed potion of healing Wands o - an uncursed wand of digging (0:4) Tools p - 6 uncursed tallow candles (0:200) r - an uncursed skeleton key s - a cursed tallow candle (0:200) Gems y - 2 uncursed opals z - an uncursed worthless piece of yellowish brown glass Spells and supernatural/magical abilities: Name Level Category Cost Memory W - pray for help -- divine ? -- Your skills at the end: Fighting Skills wands [Basic] Weapon Skills dagger [Basic] bow [Basic] Spellcasting Skills Final Attributes: You were piously aligned. You had automatic searching. You were displaced. You last prayed 70 turns ago. Mars was noncommittal. You are dead. Vanquished creatures: a dog 2 gnome lords a gnomish wizard 4 dwarves 2 giant bats a coyote a hobbit 2 giant rats a cave spider 7 gnomes 2 jackals 2 kobolds 5 grid bugs a bat 2 newts 34 creatures vanquished. Voluntary challenges: You went without food. You used a wielded weapon 18 times, starting on turn 63. You were illiterate. You never genocided any monsters. You never polymorphed an object. You never changed form. You used no wishes. You never split a pudding. You never wrote Elbereth's name. You never violated your personal moral code. Dungeon overview: The Dungeons of Doom: levels 1 to 3 Level 1 a fountain, a vault a long staircase Level 2 a wand shop, a vault Level 3 stairs to The Gnomish Mines The Gnomish Mines: levels 4 to 5 Level 4 stairs to The Dungeons of Doom Level 5 <- You were here History has recorded: On T:1 you entered the Dungeons of Doom to retrieve the Amulet of Yendor! On T:258 you reached level 2 of The Dungeons of Doom. On T:482 you reached level 3 of The Dungeons of Doom. On T:538 you reached level 1 of The Gnomish Mines. On T:547 you advanced to experience level 2. On T:580 you advanced to experience level 3. On T:643 you advanced to experience level 4. On T:685 you reached level 2 of The Gnomish Mines. Score breakdown: Gold: 200 ( 7834 points) Experience: 4 levels ( 9649 points) Exploration: 5 levels ( 10.64%) ( 8846 points) Discoveries: 0 items ( 0.00%) ( 0 points) Valuables value: (no points given unless you survive) Artifact value: 0 ( 0 points) Variety of kills: 15 monsters ( 3.95%) ( 5960 points) Turncount: 712 turns ( 0 points) Survival: died (score multiplied by 80%) Total score: 25831 Latest messages: Sirius misses the dwarf lord. (3x) The dwarf lord thrusts his broad short sword at Sirius. The dwarf lord hits Sirius. The dwarf lord thrusts his broad short sword at Sirius. The dwarf lord hits Sirius. Sirius is killed! You are now wielding your thirsty dagger. You miss the dwarf lord. The dwarf lord thrusts his broad short sword at you. The dwarf lord hits! The dwarf lord thrusts his broad short sword at you. The dwarf lord hits! The thirsty dagger draws the life from the dwarf lord! The dwarf lord suddenly seems weaker! You miss the dwarf lord. The dwarf lord thrusts his broad short sword at you. The dwarf lord hits! The dwarf lord thrusts his broad short sword at you. The dwarf lord hits! You die... Final status: Goodbye kirg the Ranger, killed by a dwarf lord... You died in The Gnomish Mines on dungeon level 5 with 25831 points, and 200 pieces of gold, after 712 moves. You were level 4 with a maximum of 37 hit points when you died.